 Dungeon Crawl Stone Soup version 0.30.0-18-gc0e69614cb (webtiles) character file.

Game seed: 1322095782307905331

104 Strat the Sneak (level 5, 0/30 HPs)
             Began as a Kobold Brigand on May 25, 2023.
             Slain by a ball python (2 damage)
             ... on level 3 of the Dungeon.
             The game lasted 00:03:11 (2301 turns).

Strat the Sneak (Kobold Brigand)                    Turns: 2301, Time: 00:03:12

Health: 0/30       AC:  3    Str:  9    XL:     5   Next: 7%
Magic:  5/5        EV: 11    Int: 12    God:
Gold:   27         SH:  0    Dex: 18    Spells: 4/4 levels left

rFire   . . .        a - +2 dagger
rCold   . . .        (no shield)
rNeg    . . .        b - +0 robe
rPois   .            (no helmet)
rElec   .            c - +0 cloak
rCorr   .            (no gloves)
SInv    .            (no boots)
Will    .....        (no amulet)
Stlth   ++++         (no ring)
HPRegen 0.25/turn    (no ring)
MPRegen 0.09/turn

%: no passive effects
@: constricted
A: small, no large weapons, nightstalker 3
a: no special abilities


You were on level 3 of the Dungeon.
You visited 1 branch of the dungeon, and saw 3 of its levels.

You collected 27 gold pieces.

Inventory:

Hand Weapons
 a - a +2 dagger (weapon)
Missiles
 d - 9 poisoned darts (quivered)
 e - 8 curare-tipped darts
 i - 2 atropa-tipped darts
Armour
 b - a +0 robe (worn)
 c - a +0 cloak (worn)
Wands
 o - a wand of mindburst (13)
Scrolls
 f - a scroll of teleportation {unknown}
 g - 6 scrolls of identify {unknown}
 h - a scroll of torment {unknown}
 k - a scroll of enchant armour {unknown}
 m - a scroll of magic mapping {unknown}
 n - a scroll of vulnerability {unknown}
Potions
 j - a potion of mutation {unknown}
 l - a potion of flight {unknown}
 p - a potion of might {unknown}


   Skills:
 - Level 2.1 Fighting
 + Level 4.2 Short Blades
 + Level 3.5 Throwing
 - Level 1.2 Dodging
 + Level 6.4 Stealth


You had 4 spell levels left.
You didn't know any spells.
Your spell library contained the following spells:

 Spells                   Type           Power      Damage    Failure   Level
 Kiss of Death            Conj/Necr      0%         2d5       32%         1
 Poisonous Vapours        Pois/Air       0%         N/A       45%         2
 Confusing Touch          Hex            0%         N/A       69%         3
 Dispel Undead            Necr           0%         3d6       97%         4
 Freezing Cloud           Conj/Ice/Air   0%         6-21      100%        5
 Conjure Ball Lightning   Conj/Air       0%         3x3d6     100%        6


Dungeon Overview and Level Annotations

Branches:
Dungeon (3/15)

Altars:
Nemelex Xobeh

Shops:
D:2 *


Innate Abilities, Weirdness & Mutations

You are small and have problems with some larger weapons.
You are completely attuned to the shadows.


Message History

The ball python closely misses you. The ball python constricts you.
The hobgoblin misses you.
You closely miss the hobgoblin.
The hobgoblin is almost dead.
The ball python bites you.
* * * LOW HITPOINT WARNING * * *
The ball python constricts you. The hobgoblin barely misses you.
You hit the hobgoblin but do no damage.
The hobgoblin is almost dead.
The ball python bites you but does no damage.
The ball python constricts you.
The hobgoblin hits you but does no damage.
You barely miss the hobgoblin.
The hobgoblin is almost dead.
The ball python barely misses you. The ball python constricts you.
* * * LOW HITPOINT WARNING * * *
The hobgoblin completely misses you.
You barely miss the hobgoblin.
The hobgoblin is almost dead.
The ball python barely misses you. The ball python constricts you.
You barely miss the hobgoblin.
The hobgoblin is almost dead.
The hobgoblin hits you.
* * * LOW HITPOINT WARNING * * *
The ball python closely misses you. The ball python constricts you.
You hit the hobgoblin.
You kill the hobgoblin!
The ball python bites you but does no damage.
The ball python constricts you.
You escape the ball python's grasp.
A worm comes into view.
The ball python closely misses you. The ball python grabs you.
The ball python constricts you.
Things that are here:
a scroll labelled BYEWUJOTTA; 14 gold pieces You hit the ball python.
Your punch misses the ball python.
The ball python is severely wounded.
A rat comes into view.
The ball python bites you.
You die...

..........
............
............
.....................
.....................
................†.<..
....S†...............
....@................
r....$...............
.....................
w....................
.....................
...................
................
................
.............)#


You could see a worm, a ball python and a rat (wandering).

Vanquished Creatures
  3 adders
  A worm (D:2)
  2 dart slugs (D:1)
  3 orcs (D:2)
  7 ball pythons
  7 bats
  5 endoplasms
  A giant cockroach (D:1)
  A goblin (D:2)
  4 hobgoblins
  15 jackals
  A quokka (D:1)
  4 frilled lizards
  2 kobolds
  3 rats
59 creatures vanquished.

Notes
Turn   | Place    | Note
-------+----------+-------------------------------------------
     0 | D:1      | Strat the Kobold Brigand began the quest for the Orb.
     0 | D:1      | Reached XP level 1. HP: 12/12 MP: 1/1
    93 | D:1      | Reached XP level 2. HP: 17/17 MP: 2/2
   361 | D:1      | Reached XP level 3. HP: 16/21 MP: 3/3
   811 | D:1      | Found a faded altar of an unknown god.
  1132 | D:2      | Reached skill level 6 in Stealth
  1142 | D:2      | Got the Omnibus of Voltage
  1290 | D:2      | Reached XP level 4. HP: 26/26 MP: 4/4
  1623 | D:2      | Found Reshonga's Assorted Antiques.
  1900 | D:2      | Found a sparkling altar of Nemelex Xobeh.
  2285 | D:3      | Reached XP level 5. HP: 24/30 MP: 5/5
  2301 | D:3      | Slain by a ball python

Illustrated notes

Levels and vault maps discovered:
D:1:      dpeg_arrival_tiny_h, layout_basic, shapermc_ecumenical_altar_pompeii,
          chequers_big_river, minmay_hedge_maze
D:2:      layout_basic, serial_curves, eino_curves_01, eino_curves_03,
          basic_altar, serial_shops, shop
D:3:      layout_basic, uniq_crazy_yiuf_cottage, uniq_terence

Skill      XL: |  1  2  3  4 |
---------------+-------------+-----
Short Blades   | 3 4 |  4.2
Throwing       | 3 |  3.5
Stealth        | 6 |  6.4
Fighting       | |  2.1
Dodging        | |  1.2

Action                     |  1- 3 |  4- 6 || total
---------------------------+-------+-------++-------
  Melee: Dagger            |   103 |    83 ||   186
   Stab: Sleeping          |    10 |    11 ||    21
 Armour: Robe              |    25 |    20 ||    45
  Dodge: Dodged            |   101 |    52 ||   153
